 Dungeon Crawl Stone Soup version 0.26-a0-812-g31a745ddcd (webtiles) character file.

Game seed: 1588096034303553267

2 Dracia the Sneak (level 1, -2/18 HPs)
             Began as a Demonspawn Delver on Dec 3, 2020.
             Slain by a worm (10 damage)
             ... on level 5 of the Dungeon.
             The game lasted 00:00:32 (233 turns).

Dracia the Sneak (Demonspawn Delver)                 Turns: 233, Time: 00:00:33

Health: -2/18      AC:  3    Str: 12    XL:     1   Next: 25%
Magic:  1/1        EV: 12    Int: 11    God:
Gold:   15         SH:  0    Dex: 14    Spells: 0/0 levels left

rFire    . . .     SeeInvis .   a - +0 spear
rCold    . . .     Faith    .   (no shield)
rNeg     . . .     Spirit   .   b - +0 leather armour
rPois    .         Reflect  .   (no helmet)
rElec    .         Harm     .   (no cloak)
rCorr    .         Rampage  .   (no gloves)
MR       .....                  (no boots)
Stlth    ++........             (no amulet)
HPRegen  0.06/turn              (no ring)
MPRegen  0.07/turn              (no ring)

@: no status effects
A: no striking features
a: no special abilities


You were on level 5 of the Dungeon.
You visited 1 branch of the dungeon, and saw 1 of its levels.

You collected 15 gold pieces.


   Skills:
 + Level 3.0 Fighting
 * Level 1.8 Polearms
 + Level 1.8 Dodging
 - Level 4.5 Stealth


You couldn't memorise any spells.
You didn't know any spells.
Your spell library was empty.

Inventory:

Hand Weapons
 a - a +0 spear (weapon)
Armour
 b - a +0 leather armour (worn)
Wands
 g - a wand of digging (3)
Scrolls
 c - a scroll of fog
 d - a scroll of magic mapping
 e - a scroll of fear
 h - a scroll of teleportation {unknown}
Potions
 f - a potion of haste {@q3@q3}

Dungeon Overview and Level Annotations

Branches:
Dungeon (5/15)
 Temple: D:4-7

Altars:

........# ...
........##.. .
........... ..
..........# ...
..........#.....
........W...#.....
........O.........
....####5O@...#
..........#.?..w....#
................######.
.......................
.......................
.......#...............
...###+#...............
.......................
.......................


You could see a phantom, 2 ogres, a worm and a shadow imp.


Message History

No target in view!
You start resting.
You hear the slow hiss of a very distant avalanche of sand. x2
HP restored.
The phantom blinks!
The phantom blinks!
You hear the hiss of a very distant avalanche of sand.
Found a scroll labelled JUIPUK WIHA.
Found a flail.
A worm comes into view.
The phantom blinks!
An ogre comes into view. It is wielding a +0 giant club.
A shadow imp comes into view.
The phantom hits you.
The phantom blinks!
The shadow imp shouts, "Leave, thou mewling toenail-biting clack-dish!"
You hear a shout!
The ogre shouts!
An ogre comes into view. It is wielding a +0 giant spiked club.
The ogre shouts!
The worm bites you!
* * * LOW HITPOINT WARNING * * *
The phantom blinks!
You barely miss the phantom. The worm bites you.
* * * LOW HITPOINT WARNING * * *
The phantom blinks!
You hit the phantom but do no damage.
The phantom blinks!
The ogre closely misses you. The worm bites you!
Ouch! That really hurt!
You die...

Action                   || total
-------------------------++-------
Melee: Spear             ||    14
 Stab: Sleeping          ||     1
Armor: Leather armour    ||     1
Dodge: Dodged            ||     7

Levels and vault maps discovered:
D:5:      layout_basic, chequers_ossuary_entry_cave, grunt_decor_mini_mirrors,
          minmay_pentangle

Notes
Turn   | Place    | Note
-------+----------+-------------------------------------------
     0 | D:5      | Dracia the Demonspawn Delver began the quest for the Orb.
     0 | D:5      | Reached XP level 1. HP: 18/18 MP: 1/1
    75 | D:5      | Noticed a phantom
   221 | D:5      | Noticed an ogre
   228 | D:5      | Noticed an ogre
   233 | D:5      | Slain by a worm

Vanquished Creatures
  A quokka (D:5)
  A jackal skeleton (D:5)
2 creatures vanquished.

Table legend: (Time is in decaauts)
 A = Elapsed time spent in this place.
 B = Non-inter-level travel time spent in this place.
 C = Inter-level travel time spent in this place.
 D = Time resting spent in this place.
 E = Time spent auto-exploring this place.
 F = Levels seen in this place.
 G = Mean time per level.
                   A        B        C        D        E       F      G
               +--------+--------+--------+--------+--------+-----+--------+
         Total |    233 |    233 |      0 |     78 |     66 |   1 |  233.0 |
       Dungeon |    233 |    233 |      0 |     78 |     66 |   1 |  233.0 |
               +--------+--------+--------+--------+--------+-----+--------+

Top non-repeatable levels by time:
     D:5: 233 daAuts

Table legend:
 A = Non-vault XP
 B = Vault XP
 C = Vault XP percentage of total XP
 D = Non-vault monster count
 E = Vault monster count
 F = Vault count percentage of total count
                 A         B        C        D         E       F
            +---------+---------+-------+---------+---------+-------
      Total |       3 |       0 |   0.0 |       2 |       0 |   0.0
            +---------+---------+-------+---------+---------+-------
        D:5 |       3 |       0 |   0.0 |       2 |       0 |   0.0
            +---------+---------+-------+---------+---------+-------
